 Dungeon Crawl Stone Soup version 0.29-a0-19-gef7f3e67aa (webtiles) character file.

Game seed: 2343492505491502842

979 kurotresina the Slasher (level 7, 0/61 HPs)
             Began as a Minotaur Fighter on Jan 29, 2022.
             Was a Follower of Trog.
             Slain by a black bear (3 damage)
             ... on level 6 of the Dungeon.
             The game lasted 00:28:45 (5173 turns).

kurotresina the Slasher (Minotaur Fighter)          Turns: 5173, Time: 00:28:45

Health: 0/61       AC: 11    Str: 20    XL:     7   Next: 96%
Magic:  6/6        EV: 10    Int:  5    God:    Trog [*.....]
Gold:   201        SH:  5    Dex: 12    Spells: 6/6 levels left

rFire   . . .      SeeInvis .   a - +0 long sword
rCold   + . .      Faith    .   c - +0 buckler
rNeg    . . .      Spirit   .   s - +1 scale mail "Jikonyu" {rPois rC+ rCorr}
rPois   +          Reflect  .   (helmet restricted)
rElec   .          Harm     .   (no cloak)
rCorr   +          Rampage  .   f - +1 pair of gloves
Will    .....                   (no boots)
Stlth   ..........              (no amulet)
HPRegen 0.20/turn               (no ring)
MPRegen 0.10/turn               (no ring)

@: lethally poisoned (0 -> -8)
A: horns 2, retaliatory headbutt
a: Renounce Religion, Berserk


You were on level 6 of the Dungeon.
You worshipped Trog.
Trog was aware of your devotion.
You visited 2 branches of the dungeon, and saw 8 of its levels.

You collected 201 gold pieces.

Inventory:

Hand Weapons
 a - a +0 long sword (weapon)
 t - a +2 long sword of pain
Armour
 b - a +0 scale mail
 c - a +0 buckler (worn)
 f - a +1 pair of gloves (worn)
 s - the +1 scale mail "Jikonyu" (worn) {rPois rC+ rCorr}
   (You found it on level 4 of the Dungeon)

   rC:        It protects you from cold.
   rPois:     It protects you from poison.
   rCorr:     It protects you from acid and corrosion.
Wands
 k - a wand of polymorph (7)
 n - a wand of mindburst (8)
Scrolls
 e - 6 scrolls of teleportation
 g - 3 scrolls of identify
 h - a scroll of acquirement {unknown}
 p - 3 scrolls of amnesia {unknown}
 r - a scroll of magic mapping {unknown}
Potions
 d - 2 potions of might
 i - 2 potions of degeneration
 j - a potion of berserk rage {unknown}
 l - a potion of lignification {unknown}
 m - a potion of curing {unknown}
 o - a potion of attraction {unknown}
 q - a potion of mutation {unknown}
 u - a potion of cancellation {unknown}


   Skills:
 + Level 5.3 Fighting
 + Level 7.4 Long Blades
 + Level 6.7 Armour
 + Level 3.0 Dodging
 + Level 0.6 Stealth
 + Level 4.7 Shields


You had 6 spell levels left.
You didn't know any spells.
Your spell library contained the following spells:

 Spells                   Type           Power      Damage    Failure   Level
 Magic Dart               Conj           0%         1d3       87%         1
 Sandblast                Erth           0%         2d4       87%         1
 Call Imp                 Summ           0%         N/A       95%         2
 Passwall                 Tmut/Erth      0%         N/A       95%         2
 Conjure Flame            Conj/Fire      0%         6-21      99%         3
 Ignite Poison            Fire/Tmut/Pois 0%         N/A       99%         3
 Mephitic Cloud           Conj/Pois/Air  0%         N/A       99%         3
 Stone Arrow              Conj/Erth      0%         3d7       99%         3
 Sticky Flame             Conj/Fire      0%         2d3       100%        4


Dungeon Overview and Level Annotations

Branches:
Dungeon (7/15)             Temple (1/1) D:4

Altars:
Ashenzari
Cheibriados
Dithmenos
Elyvilon
Fedhas
Gozag
Hepliaklqana
Kikubaaqudgha
Makhleb
Nemelex Xobeh
Okawaru
Qazlal
Ru
Sif Muna
Trog
Uskayaw
Vehumet
Wu Jian
Xom
Zin
The Shining One


Innate Abilities, Weirdness & Mutations

You have a pair of horns on your head.
You reflexively headbutt those who attack you in melee.


Message History

The gnoll hits you from afar with a +2 spear of venom.
You are poisoned.
The gnoll hits you but does no damage.
You are more poisoned.
Your Dodging skill increases to level 3!
You barely miss the black bear.
You feel very sick. The black bear closely misses you.
The black bear claws you but does no damage. x2
The gnoll hits you from afar with a +2 spear of venom.
You slash the black bear!
The black bear is moderately wounded.
You feel very sick.
The black bear bites you but does no damage.
The black bear claws you.
The black bear claws you but does no damage.
The gnoll hits you from afar with a +2 spear of venom.
The black bear bites you! The black bear barely misses you.
The black bear misses you.
You slash the black bear! Your headbutt misses the black bear.
The black bear is severely wounded.
You feel sick.
The gnoll hits you from afar with a +2 spear of venom.
* * * LOW HITPOINT WARNING * * *
The black bear goes berserk!
You slash the black bear!
The black bear is almost dead.
You feel sick. The black bear bites you.
* * * LOW HITPOINT WARNING * * *
The black bear claws you.
* * * LOW HITPOINT WARNING * * *
The black bear claws you but does no damage.
The gnoll hits you from afar with a +2 spear of venom.
* * * LOW HITPOINT WARNING * * *
You are lethally poisoned!
You closely miss the black bear.
The black bear is almost dead.
* * * LOW HITPOINT WARNING * * *
You feel sick. The black bear bites you.
You die...

####. #....#
#...># #....#
###....##
####.......#
#..#.......#
#.@hg......#
####g......#
...............
...............
................
................
................
..#####.........
#........g


You could see a black bear (berserk) and 2 gnolls.

Vanquished Creatures
  A black bear (D:5)
  2 necrophages
  2 ogres
  2 scorpions
  A jelly (D:5)
  Crazy Yiuf (D:2)
  An iguana (D:4)
  4 orc wizards (D:4)
  A scorpion zombie (D:5)
  A hound zombie (D:5)
  A hound skeleton (D:4)
  A howler monkey zombie (D:5)
  5 adders
  5 gnolls
  A white imp (D:5)
  2 dart slugs
  11 orcs
  A ball python (D:1)
  8 bats
  6 endoplasms
  5 giant cockroaches
  4 goblins
  6 hobgoblins
  10 jackals
  2 kobolds
  7 quokkas
  5 frilled lizards
  4 rats
100 creatures vanquished.

Vanquished Creatures (others)
  2 fungi (D:2)
2 creatures vanquished.

Grand Total: 102 creatures vanquished

Notes
Turn   | Place    | Note
-------+----------+-------------------------------------------
     0 | D:1      | kurotresina the Minotaur Fighter began the quest for the
                  | Orb.
     0 | D:1      | Reached XP level 1. HP: 19/19 MP: 0/0
   171 | D:1      | Reached XP level 2. HP: 23/27 MP: 1/1
   916 | D:1      | Reached XP level 3. HP: 33/33 MP: 2/2
  1076 | D:2      | Found a faded altar of an unknown god.
  1630 | D:2      | Found a runed translucent door.
  1631 | D:2      | Noticed Crazy Yiuf
  1637 | D:2      | Killed Crazy Yiuf
  1638 | D:2      | Reached skill level 3 in Long Blades
  1638 | D:2      | Reached skill level 1 in Dodging
  1638 | D:2      | Reached XP level 4. HP: 35/40 MP: 3/3
  2029 | D:2      | Found the dreamshard necklace {*Dream Drain}
  2616 | D:3      | Reached skill level 5 in Armour
  2733 | D:3      | Reached XP level 5. HP: 8/46 MP: 4/4
  3025 | D:3      | Reached skill level 4 in Long Blades
  3361 | D:4      | Found a staircase to the Ecumenical Temple.
  3399 | D:4      | Noticed a necrophage
  3412 | D:4      | Killed a necrophage
  3413 | D:4      | Reached XP level 6. HP: 48/53 MP: 5/5
  3435 | D:4      | Reached skill level 5 in Long Blades
  3545 | Temple   | Entered the Ecumenical Temple
  3556 | Temple   | Became a worshipper of Trog the Wrathful
  3666 | D:4      | Identified the +1 scale mail "Jikonyu" {rPois rC+ rCorr}
  4223 | D:5      | Entered Level 5 of the Dungeon
  4259 | D:5      | Reached * piety under Trog
  4261 | D:5      | Found a glowing drain.
  4373 | D:5      | Reached skill level 6 in Long Blades
  4373 | D:5      | Reached XP level 7. HP: 36/60 MP: 6/6
  4640 | D:5      | Reached skill level 5 in Fighting
  4961 | D:5      | Reached skill level 7 in Long Blades
  5133 | D:6      | You fall into a shaft and drop 1 floor!
  5173 | D:6      | HP: 3/61 [poisoned by a gnoll]
  5173 | D:6      | Slain by a black bear

Illustrated notes

Levels and vault maps discovered:
D:1:      minmay_arrival_semitransparent, layout_loops_corners
D:2:      layout_basic, nicolae_ecumenical_pavilion, minmay_stone_trees_small,
          uniq_crazy_yiuf_cottage
D:3:      layout_loops_ring
D:4:      layout_basic, minmay_temple_entry_wispy
D:5:      layout_loops_ring, gup_sewer_entry_pipe, grunt_ministairs_15
D:6:      layout_gridville, uniq_prince_ribbit1, uniq_grinder
D:7:      layout_cave_pools, nicolae_yredelemnul_corpse_copse
Temple:   nicolae_temple_the_god_donut

Skill      XL: |  1  2  3  4  5  6  7 |
---------------+----------------------+-----
Armour         | 4 5 6 |  6.7
Fighting       | 4 5 |  5.3
Long Blades    | 3 4 6 7 |  7.4
Dodging        | 1 2 3 |  3.0
Shields        | 4 |  4.7
Stealth        | |  0.6

Action                   |  1- 3 |  4- 6 |  7- 9 || total
-------------------------+-------+-------+-------++-------
Melee: Long sword        |    81 |   156 |    50 ||   287
       Headbutt          |     9 |    28 |    13 ||    50
  Use: Scroll            |     3 |     2 |       ||     5
Armor: Scale mail        |    54 |    88 |    24 ||   166
Dodge: Dodged            |    37 |    86 |    23 ||   146
Block: Buckler           |    29 |    38 |     8 ||    75

Table legend: (Time is in decaauts)
 A = Elapsed time spent in this place.
 B = Non-inter-level travel time spent in this place.
 C = Inter-level travel time spent in this place.
 D = Time resting spent in this place.
 E = Time spent auto-exploring this place.
 F = Levels seen in this place.
 G = Mean time per level.
                   A        B        C        D        E       F      G
               +--------+--------+--------+--------+--------+-----+--------+
         Total |   5257 |   5167 |     90 |      0 |   2341 |   8 |  657.1 |
       Dungeon |   5174 |   5084 |     90 |      0 |   2341 |   7 |  739.1 |
        Temple |     83 |     83 |      0 |      0 |      0 |   1 |   83.0 |
               +--------+--------+--------+--------+--------+-----+--------+

Top non-repeatable levels by time:
     D:2: 1273 daAuts
     D:3: 1042 daAuts
     D:1: 1028 daAuts
     D:5: 913 daAuts
     D:4: 849 daAuts
  Temple: 83 daAuts
     D:6: 41 daAuts
     D:7: 25 daAuts
